 Dungeon Crawl Stone Soup version 0.18-a0-97-g9c2abca (webtiles) character file.

118 Duffy the Chopper (level 5, -1/46 HPs)
             Began as a Hill Orc Fighter on Nov 15, 2015.
             Was a Follower of Cheibriados.
             Slain by Sigmund
             ... wielding a +0 scythe of flaming
              (5 damage)
             ... on level 3 of the Dungeon.
             The game lasted 00:02:59 (2190 turns).

Duffy the Chopper (Hill Orc Fighter)                Turns: 2190, Time: 00:02:59

Health: -1/46      AC:  9    Str: 26    XL:     5   Next: 2%
Magic:  5/5        EV:  7    Int: 10    God:    Cheibriados [*.....]
Gold:   83         SH: 10    Dex: 13    Spells: 0 memorised, 4 levels left

rFire  . . .     SeeInvis .     a - +0 war axe
rCold  . . .     Clarity  .     b - +0 scale mail
rNeg   . . .     SustAt   .     c - +0 shield
rPois  .         Gourm    +     (no helmet)
rElec  .         Spirit   .     r - +0 cloak
rCorr  .         Warding  .     (no gloves)
rMut   .         Stasis   .     t - +0 pair of boots
MR     .....                    s - amulet of the gourmand
Stlth  ..........               (no ring)
                                (no ring)

@: mighty, very slow, not resistant to hostile enchantments, extremely
unstealthy
A: no striking features
a: Bend Time, Renounce Religion


You were on level 3 of the Dungeon.
You worshipped Cheibriados.
Cheibriados was aware of your devotion.
You were not hungry.

You visited 1 branch of the dungeon, and saw 3 of its levels.

You collected 83 gold pieces.


   Skills:
 - Level 3.7 Fighting
 + Level 6.6 Axes
 - Level 3.2 Armour
 - Level 3.2 Shields


You had 4 spell levels left.
You didn't know any spells.

Inventory:

Hand Weapons
 a - a +0 war axe (weapon)
Armour
 b - a +0 scale mail (worn)
 c - a +0 shield (worn)
 r - a +0 cloak (worn)
 t - a +0 pair of boots (worn)
Jewellery
 s - an amulet of the gourmand (around neck)
Scrolls
 f - 2 scrolls of remove curse
 i - a scroll of recharging {unknown}
 j - 2 scrolls of identify {unknown}
 l - a scroll of teleportation {unknown}
 o - a scroll of fog {unknown}
 p - 2 scrolls of immolation {unknown}
Potions
 k - a potion of magic {unknown}
 m - a potion of poison {unknown}
 n - a potion of curing {unknown}
 u - a potion of agility {unknown}
Comestibles
 e - 8 bread rations
 g - a royal jelly
 h - a beef jerky
 q - a slice of pizza

Dungeon Overview and Level Annotations

Branches:
Dungeon (3/15)

Altars:
Ashenzari
Cheibriados
Makhleb

Annotations:
D:2 1 exclusion
D:3 Sigmund


Message History

Something hits you but does no damage. The orc hits you but does no damage.
Drink which item? (? for menu, Esc to quit)
You feel very mighty all of a sudden.
You slash the orc!
You kill the orc!
Cheibriados appreciates the change of pace.
You have reached level 5!
You feel stronger. Something hits you but does no damage.
You hit the orc.
The orc is severely wounded.
The orc hits you. Something hits you. Something burns you.
You completely miss the orc.
The orc is severely wounded.
You block the orc's attack. The orc barely misses you.
You slash the orc!
You kill the orc!
Cheibriados appreciates the change of pace.
Something hits you but does no damage. Something hits you. Something burns you.
Items here: ( ) [ †† 20 stones; a ring mail; a dagger of flaming; an orc corpse; an orc corpse You closely miss something.
You barely miss something.
You hear some strange, mumbled words.
A puff of flame appears from out of thin air!
The puff of flame misses you.
You closely miss something. You block its attack.
You barely miss something. Something hits you. Something burns you.
You closely miss something. You barely miss something. Something hits you.
Something burns you.
You slice something!! You miss something. Something hits you!
Something burns you.
You closely miss something. Something hits you! Something burns you.
You die...

#...##.# #
###.####.# ...
#...####.# ...o
#.##...#.#
#...####.##...#.#
#...#.....#...#.#
####...#.#.#.#...#
......o#.#...#...#
.........##@.'...+
.........)){##...#
#......######...#
#....>....# #####
##/............
###......o....
#......o@...
#...........
#...........


There were no monsters in sight!

Action                   |  1- 3 |  4- 6 || total
-------------------------+-------+-------++-------
Melee: War axe           |    66 |    91 ||   157
  Use: Scroll            |       |     1 ||     1
       Potion            |       |     1 ||     1
  Eat: Chunk             |     1 |     5 ||     6

Notes
Turn   | Place    | Note
--------------------------------------------------------------
     0 | D:1      | Duffy the Hill Orc Fighter began the quest for the Orb.
     0 | D:1      | Reached XP level 1. HP: 19/19 MP: 1/1
    32 | D:1      | Reached skill level 3 in Axes
   210 | D:1      | Reached XP level 2. HP: 26/26 MP: 2/2
   390 | D:1      | Reached skill level 4 in Axes
   883 | D:2      | Reached XP level 3. HP: 22/31 MP: 3/3
  1017 | D:2      | Found a snail-covered altar of Cheibriados.
  1026 | D:2      | Became a worshipper of Cheibriados the Contemplative
  1157 | D:2      | Found a burning altar of Makhleb.
  1168 | D:2      | Reached skill level 5 in Axes
  1168 | D:2      | Reached XP level 4. HP: 17/39 MP: 4/4
  1458 | D:2      | Noticed Ijyb
  1474 | D:2      | Killed Ijyb
  1474 | D:2      | Reached skill level 6 in Axes
  1475 | D:2      | Found a shattered altar of Ashenzari.
  1920 | D:2      | Reached * piety under Cheibriados
  2165 | D:3      | Noticed Sigmund
  2177 | D:3      | Reached XP level 5. HP: 43/46 MP: 5/5
  2190 | D:3      | Slain by Sigmund

Vault maps used:
D:1:      shiori_arrival_oz
D:2:      makhleb_heckhound_becter, nicolae_ashenzari_panopticon,
          old_standard_altar, first_bread, uniq_crazy_yiuf_cottage, uniq_iyjb
D:3:      nicolae_gozag_cash_rules_everything_around_me, uniq_sigmund,
          uniq_natasha

Vanquished Creatures
  A hound Ijyb
  An ooze
  2 worms
  3 orcs
  6 bats
  4 giant cockroaches
  9 goblins
  6 hobgoblins
  4 jackals
  A giant newt
  4 kobolds
  A quokka
  2 rats
45 creatures vanquished.
